 Dungeon Crawl Stone Soup version 0.17-a0-1793-gcbb3aa1 (webtiles) character file.

137 shakdrar the Ruffian (level 5, -9/46 HPs)
             Began as a Ghoul Warper on Sept 9, 2015.
             Mangled by an ogre
             ... wielding a +0 giant club
              (16 damage)
             ... on level 4 of the Dungeon.
             The game lasted 00:11:07 (2755 turns).

shakdrar the Ruffian (Ghoul Warper)                 Turns: 2755, Time: 00:11:07

Health: -9/46      AC:  3    Str: 15    XL:     5   Next: 20%
Magic:  6/6        EV:  6    Int:  8    God:
Gold:   179        SH:  0    Dex:  9    Spells: 1 memorised, 6 levels left

rFire  . . .     SeeInvis .       - Unarmed
rCold  + . .     Clarity  .     i - +0 leather armour (curse)
rNeg   + + +     SustAt   .     (no shield)
rPois  ∞         Gourm    .     (no helmet)
rElec  .         Spirit   .     (no cloak)
rCorr  .         Warding  .     (no gloves)
rMut   .         Stasis   .     (no boots)
MR     +....                    (no amulet)
Stlth  +.........               (no ring)
                                f - ring of protection from magic

@: rotting, somewhat resistant to hostile enchantments, very unstealthy
A: rotting body, claws 1, carnivore 3, cold resistance 1, negative energy
resistance 3, slow healing 1, torment resistance, unbreathing
a: no special abilities


You were on level 4 of the Dungeon.
You were not hungry.

You visited 1 branch of the dungeon, and saw 4 of its levels.

You collected 179 gold pieces.

Inventory:

Missiles
 d - 2 tomahawks of dispersal (quivered)
 j - 14 poisoned needles
Armour
 a - a +0 leather armour
 i - a cursed +0 leather armour (worn)
Jewellery
 f - a ring of protection from magic (left claw)
Scrolls
 c - 2 scrolls of blinking
 h - a scroll of enchant weapon {unknown}
 k - 3 scrolls of remove curse
Potions
 g - a potion of curing
 l - a potion of invisibility
Books
 b - a book of Spatial Translocations

   Spells                             Type                      Level
   a - Apportation                    Translocation                1
   b - Blink                          Translocation                2
   c - Shroud of Golubria             Charms/Translocation         2
   d - Portal Projectile              Translocation                3
   e - Teleport Other                 Translocation                3
   f - Passage of Golubria            Translocation                4
Comestibles
 e - 2 meat rations
 m - 2 chunks of flesh


   Skills:
 + Level 4.0 Fighting
 - Level 0.8 Throwing
 - Level 0.8 Armour
 - Level 1.7 Dodging
 * Level 4.5 Unarmed Combat
 - Level 1.7 Spellcasting
 - Level 2.6 Translocations


You had 6 spell levels left.
You knew the following spells:

 Your Spells              Type           Power        Failure   Level  Hunger
a - Apportation           Tloc           #.........   17%         1    ##.....


Dungeon Overview and Level Annotations

Branches:
Dungeon (4/15)
 Temple: D:4-7

Altars:
Zin


Innate Abilities, Weirdness & Mutations

Your body is rotting away.
You thrive on raw meat.
You are immune to poison.
You have sharp fingernails.
You are carnivorous and can eat meat at any time.
Your flesh is cold resistant.
You are immune to negative energy.
You heal slowly when monsters are visible.
You are immune to unholy pain and torment.
You can survive without breathing.


Message History

The ogre is lightly wounded.
The ogre hits you with a giant club!!
You scratch the ogre but do no damage.
The ogre is lightly wounded.
You scratch the ogre.
The ogre is moderately wounded.
The ogre hits you with a giant club!!
* * * LOW HITPOINT WARNING * * *
Throwing (i - inventory):
d - 3 tomahawks of dispersal (quivered)
Press: ? - help, Shift-Dir - straight line, f/p - ogre
Aim: an ogre, wielding a giant club (moderately wounded)
You throw a tomahawk of dispersal.
The tomahawk of dispersal hits the ogre.
The ogre blinks!
The ogre is heavily wounded.
There is an escape hatch in the ceiling here.
An adder comes into view.
There is a stone staircase leading up here.
The ogre hits you with a giant club!
You die...

###.. ###.... ..
#....#.# ..# ##.
#.#>.... ..##.#..
....#.# #......
#.#.#.#####.##.#
#.#.#..@O......#..
#........S........
#...##......#####
#..<##.####.#
#........##.####...
#........##....S...
##...........###...
#.#.....#####
#.#....<#


You could see an ogre and an adder.

Vanquished Creatures
  A worker ant (D:3)
  6 adders
  An ooze (D:3)
  A giant gecko (D:1)
  9 bats
  3 giant cockroaches
  6 goblins
  8 hobgoblins
  6 kobolds
  A quokka (D:2)
  2 giant newts
  8 rats
52 creatures vanquished.

Notes
Turn   | Place    | Note
--------------------------------------------------------------
     0 | D:1      | shakdrar the Ghoul Warper began the quest for the Orb.
     0 | D:1      | Reached XP level 1. HP: 17/17 MP: 2/2
   240 | D:1      | Reached XP level 2. HP: 25/25 MP: 3/3
   480 | D:1      | Reached skill level 3 in Unarmed Combat
   480 | D:1      | Reached XP level 3. HP: 21/28 MP: 4/4
  1121 | D:2      | Reached XP level 4. HP: 32/37 MP: 5/5
  1993 | D:3      | Reached skill level 4 in Unarmed Combat
  2274 | D:3      | Reached XP level 5. HP: 26/46 MP: 6/6
  2570 | D:3      | Found a glowing silver altar of Zin.
  2571 | D:3      | Noticed an angel
  2723 | D:4      | Noticed an ogre
  2755 | D:4      | Mangled by an ogre

Vault maps used:
D:1:      moated_graveyard_arrival, hangedman_decor_growths
D:3:      zin_angel, hangedman_decor_points
D:4:      uniq_pikel

Action                   |  1- 3 |  4- 6 || total
-------------------------+-------+-------++-------
Melee: Unarmed           |   105 |    77 ||   182
Throw: Tomahawk          |       |     3 ||     3
  Use: Scroll            |     4 |     5 ||     9
       Potion            |       |     4 ||     4
  Eat: Chunk             |     9 |    12 ||    21
